 Dungeon Crawl Stone Soup version 0.21-a0-265-gb353147 (webtiles) character file.

3096 Kidiri the Thaumaturge (level 9, -8/50 HPs)
             Began as a Deep Elf Fire Elementalist on Sept 12, 2017.
             Was a Follower of Vehumet.
             Mangled by a two-headed ogre
             ... wielding a +0 giant club
              (21 damage)
             ... on level 7 of the Dungeon.
             The game lasted 00:30:30 (8102 turns).

Kidiri the Thaumaturge (Deep Elf Fire Elementalist) Turns: 8102, Time: 00:30:31

Health: -8/50      AC:  5    Str:  5    XL:     9   Next: 59%
Magic:  3/25       EV: 15    Int: 28    God:    Vehumet [*.....]
Gold:   292        SH:  0    Dex: 17    Spells: 7/28 levels left

rFire    . . .     SeeInvis .   d - +0 dagger
rCold    . . .     Gourm    .   (no shield)
rNeg     . . .     Faith    .   a - +0 robe
rPois    .         Spirit   .   (no helmet)
rElec    .         Reflect  .   r - +0 cloak
rCorr    .         Harm     .   (no gloves)
MR       .....                  e - +1 pair of boots
Stlth    +++.......             (no amulet)
HPRegen  0.16/turn              v - +2 ring of dexterity
MPRegen  0.19/turn              y - ring of stealth

@: no status effects
A: claws 1, clever 2
a: Renounce Religion


You were on level 7 of the Dungeon.
You worshipped Vehumet.
Vehumet was aware of your devotion.
You were not hungry.

You visited 2 branches of the dungeon, and saw 8 of its levels.

You collected 292 gold pieces.

Inventory:

Hand Weapons
 d - a +0 dagger (weapon)
Missiles
 w - a throwing net (quivered)
Armour
 a - a +0 robe (worn)
 e - a +1 pair of boots (worn)
 m - a +0 shield
 r - a +0 cloak (worn)
Jewellery
 v - a +2 ring of dexterity (left claw)
 y - a ring of stealth (right claw)
Wands
 p - a wand of polymorph (17/24)
 x - a wand of disintegration (0/24)
 z - a wand of random effects (11/48)
Potions
 g - a potion of ambrosia
 h - 5 potions of heal wounds {unknown}
 i - 2 potions of magic
 j - a potion of brilliance
 k - a potion of lignification
 n - 5 potions of flight
 o - 5 potions of curing {unknown}
 s - 3 potions of berserk rage {unknown}
 t - 2 potions of haste
 u - 2 potions of might
Books
 b - a book of Flames

   Spells                             Type                      Level
   a - Flame Tongue                   Conjuration/Fire             1
   b - Throw Flame                    Conjuration/Fire             2
   c - Conjure Flame                  Conjuration/Fire             3
   d - Inner Flame                    Hexes/Fire                   3
   e - Sticky Flame                   Conjuration/Fire             4
   f - Fireball                       Conjuration/Fire             5
 f - a book of Geomancy

   Spells                             Type                      Level
   a - Sandblast                      Earth                        1
   b - Passwall                       Transmutation/Earth          2
   c - Stone Arrow                    Conjuration/Earth            3
   d - Petrify                        Transmutation/Earth          4
   e - Lee's Rapid Deconstruction     Earth                        5
Comestibles
 c - 5 bread rations
 l - 2 royal jellies
 q - a meat ration
 A - 4 chunks of flesh


   Skills:
 + Level 3.1 Fighting
 + Level 3.8 Short Blades
 + Level 2.8 Armour
 + Level 5.0 Dodging
 - Level 2.4 Stealth
 + Level 3.1 Shields
 * Level 10.0 Spellcasting
 + Level 5.4 Conjurations
 + Level 6.2 Fire Magic
 + Level 0.7 Earth Magic


You had 7 spell levels left.
You knew the following spells:

 Your Spells              Type           Power        Failure   Level  Hunger
a - Flame Tongue          Conj/Fire      #####        1%          1    None
b - Throw Flame           Conj/Fire      #####.       1%          2    None
c - Conjure Flame         Conj/Fire      #####...     1%          3    None
d - Inner Flame           Hex/Fire       ####....     3%          3    None
e - Sticky Flame          Conj/Fire      #####...     3%          4    None
f - Fireball              Conj/Fire      #####.....   10%         5    ###....
g - Stone Arrow           Conj/Erth      ####..       3%          3    None


Dungeon Overview and Level Annotations

Branches:
Dungeon (7/15)             Temple (1/1) D:5

Altars:
Ashenzari
Cheibriados
Dithmenos
Elyvilon
Fedhas
Gozag
Kikubaaqudgha
Makhleb
Nemelex Xobeh
Okawaru
Ru
Sif Muna
Trog
Uskayaw
Vehumet
Wu Jian
Yredelemnul
Zin
The Shining One

Shops:
D:4 *


Innate Abilities, Weirdness & Mutations

You have sharp fingernails.
Your mind is very acute. (Int +4)


Message History

The two-headed ogre completely misses you.
The two-headed ogre hits you with a dire flail.
Casting: Flame Tongue
Confirm with . or Enter, or press ? or * to list all spells.
Aiming: Sticky Flame
Press: ? - help, Shift-Dir - straight line, f - two-headed ogre
Aim: a two-headed ogre, wielding a giant club and a dire flail The sticky flame hits the two-headed ogre.
The two-headed ogre is lightly wounded.
The two-headed ogre is covered in liquid flames!
The two-headed ogre burns!
The two-headed ogre misses you.
The two-headed ogre hits you with a dire flail!
* * * LOW HITPOINT WARNING * * *
Unknown command.
The two-headed ogre burns!
The two-headed ogre burns!
The two-headed ogre burns!
The two-headed ogre burns!
The two-headed ogre barely misses you.
The two-headed ogre hits you with a dire flail!!
You die...

.)....###.....##
##.)#######
#....#.......#
#..###
#?###..#.#####..#
#....# #.....)..# $#
#..#.#####
.a.###..#.##
#....>...#
#....#..##
#..#.###.#
..Y...###..##
##..#.###.# ......#
##.O## ##.....#...#
.....# ##.@##
##.....##.#.# ##.##
###.###......##h###
).
##[#.#.##..#[.##.#
##.#.#.#.##....##.#
##.#.#.#.#.##...##.#
#.#.#.#.#.#.#......#
##.#.#.#.#.##..#####
#.#.#.#.#.#.#..#
##.#.#.#.#.##..#


You could see a two-headed ogre (burning).

Vanquished Creatures
  An unseen horror (D:6)
  A wraith (D:6)
  A yak (D:7)
  Edmund (D:6)
  A sky beast (D:6)
  2 orc warriors
  A necrophage (D:7)
  A phantom (D:6)
  An ice beast (D:5)
  Blork the orc (D:6)
  A water moccasin zombie (D:7)
  A water moccasin skeleton (D:4)
  A scorpion (D:5)
  7 killer bees
  2 howler monkeys (D:7)
  4 wights (D:7)
  A crimson imp (D:7)
  A centaur zombie (D:6)
  4 hounds
  A jelly (D:7)
  3 orc priests
  Jessica (D:3)
  An iguana (D:4)
  4 orc wizards
  2 worker ants (D:7)
  5 gnolls (D:4)
  15 adders
  2 shadow imps (D:5)
  An ooze (D:5)
  An adder zombie (D:7)
  6 worms
  A dart slug (D:3)
  5 leopard geckos
  14 orcs
  2 ball pythons
  10 bats
  8 giant cockroaches
  6 goblins
  4 hobgoblins
  20 jackals
  6 quokkas
  4 frilled lizards
  8 kobolds
  A quokka skeleton (D:6)
  3 rats
167 creatures vanquished.

Notes
Turn   | Place    | Note
-------+----------+-------------------------------------------
     0 | D:1      | Kidiri the Deep Elf Fire Elementalist began the quest for the Orb.
     0 | D:1      | Reached XP level 1. HP: 10/10 MP: 6/6
   302 | D:1      | Reached XP level 2. HP: 15/15 MP: 5/8
   340 | D:1      | Learned a level 2 spell: Throw Flame
   518 | D:1      | Found a shattered altar of Ashenzari.
   728 | D:2      | Gained mutation: Your mind is acute. (Int +2) [potion of mutation]
   728 | D:2      | Gained mutation: Your mind is very acute. (Int +4) [potion of mutation]
   728 | D:2      | Gained mutation: You have sharp fingernails. [potion of mutation]
   755 | D:2      | Reached skill level 4 in Spellcasting
   755 | D:2      | Reached XP level 3. HP: 13/19 MP: 3/10
   765 | D:2      | Learned a level 3 spell: Conjure Flame
   769 | D:2      | Learned a level 3 spell: Inner Flame
  1601 | D:2      | Reached XP level 4. HP: 4/24 MP: 10/12
  1755 | D:2      | Found a blossoming altar of Fedhas.
  2152 | D:3      | Found a glowing silver altar of Zin.
  2152 | D:3      | Found an opulent altar of Gozag.
  2464 | D:3      | Noticed Jessica
  2467 | D:3      | Killed Jessica
  2467 | D:3      | Reached skill level 5 in Spellcasting
  2478 | D:3      | Learned a level 4 spell: Sticky Flame
  2836 | D:3      | Reached XP level 5. HP: 28/28 MP: 12/14
  3138 | D:4      | Reached skill level 6 in Spellcasting
  3210 | D:4      | Reached XP level 6. HP: 16/32 MP: 0/17
  3498 | D:4      | Learned a level 5 spell: Fireball
  3516 | D:4      | Found a basalt altar of Yredelemnul.
  3516 | D:4      | Found a burning altar of Makhleb.
  3583 | D:4      | Found Letauho's General Store.
  3861 | D:4      | Found a radiant altar of Vehumet.
  4010 | D:4      | Found a glowing golden altar of the Shining One.
  4130 | D:4      | Found an iron altar of Okawaru.
  4131 | D:4      | Found a bloodstained altar of Trog.
  4133 | D:4      | Reached skill level 7 in Spellcasting
  4384 | D:5      | Entered Level 5 of the Dungeon
  4387 | D:5      | Reached skill level 5 in Fire Magic
  4607 | D:5      | Reached skill level 1 in Shields
  4607 | D:5      | Reached XP level 7. HP: 29/37 MP: 10/19
  4683 | D:5      | Found a staircase to the Ecumenical Temple.
  4711 | D:4      | Became a worshipper of Vehumet
  4738 | Temple   | Entered the Ecumenical Temple
  5099 | D:5      | Reached skill level 1 in Fighting
  5310 | D:5      | Reached skill level 1 in Short Blades
  5310 | D:5      | Reached skill level 1 in Armour
  5721 | D:6      | Noticed Blork the orc
  5743 | D:6      | Killed Blork the orc
  6093 | D:6      | Reached XP level 8. HP: 43/43 MP: 13/21
  6422 | D:6      | Reached skill level 8 in Spellcasting
  6890 | D:6      | Noticed an unseen horror
  6894 | D:6      | Killed an unseen horror
  6894 | D:6      | Reached skill level 9 in Spellcasting
  6894 | D:6      | Reached XP level 9. HP: 12/49 MP: 11/24
  7176 | D:6      | Noticed Edmund
  7200 | D:6      | Killed Edmund
  7589 | D:7      | Reached skill level 5 in Conjurations
  7994 | D:7      | Learned a level 3 spell: Stone Arrow
  8019 | D:7      | Reached * piety under Vehumet
  8019 | D:7      | Offered knowledge of Freeze by Vehumet.
  8026 | D:7      | Noticed a manticore
  8038 | D:7      | Reached skill level 5 in Dodging
  8038 | D:7      | Reached skill level 10 in Spellcasting
  8091 | D:7      | Noticed a two-headed ogre
  8102 | D:7      | Mangled by a two-headed ogre

Vault maps used:
D:1:      lemuel_arrival_funnel, ashenzari_altar_1
D:2:      lemuel_round_altar, item_on_display_a
D:3:      grunt_temple_overflow_gold_and_silver, roderic_serpentine_path,
          minmay_misc_feat_x, guppyfry_early_lair_pool, uniq_jessica
D:4:      grunt_temple_overflow_bloody_war, lemuel_coloured_pillars_altar,
          nicolae_overflow_hidden_temple, serial_shops,
          nicolae_shop_window_shopping, minmay_cupped
D:5:      minmay_temple_entry_overgrown, first_bread
D:6:      minmay_opposing_rooms, uniq_blork_the_orc, uniq_edmund
D:7:      minmay_the_grid_octo_2x2, regret_index_temple_of_mockery
Temple:   zaba_magenta_temple

Skill      XL: |  1  2  3  4  5  6  7  8  9 |
---------------+----------------------------+-----
Spellcasting   | 4 5 6 7 9 10 | 10.0
Conjurations   | 2 3 4 5 |  5.4
Fire Magic     | 4 5 6 |  6.2
Shields        | 1 2 3 |  3.1
Fighting       | 1 2 3 |  3.1
Short Blades   | 1 3 |  3.8
Armour         | 1 2 |  2.8
Dodging        | 3 4 5 |  5.0
Stealth        | |  2.4
Earth Magic    | |  0.7

Action                   |  1- 3 |  4- 6 |  7- 9 || total
-------------------------+-------+-------+-------++-------
Melee: Short sword       |     2 |       |       ||     2
       Dagger            |    37 |    36 |    49 ||   122
 Cast: Flame Tongue      |    70 |    98 |   134 ||   302
       Throw Flame       |     2 |    13 |    17 ||    32
       Inner Flame       |       |     2 |     8 ||    10
       Conjure Flame     |       |     2 |    12 ||    14
       Fireball          |       |     1 |       ||     1
       Sticky Flame      |       |       |    15 ||    15
Evoke: Wand              |       |       |     9 ||     9
  Use: Scroll            |     4 |     6 |     6 ||    16
       Potion            |     2 |       |       ||     2
 Stab: Sleeping          |     3 |     4 |     1 ||     8
  Eat: Chunk             |     2 |     9 |     4 ||    15
       Fruit             |       |       |     9 ||     9
Armor: Robe              |    26 |    13 |    35 ||    74
Dodge: Dodged            |    73 |    66 |    84 ||   223

Table legend:
 A = Spawn XP
 B = Non-spawn XP
 C = Spawn XP percentage of total XP
 D = Spawn monster count
 E = Non-spawn monster count
 F = Spawn count percentage of total count
 G = Total turns spent on level
                    A         B        C        D         E        F      G
               +---------+---------+-------+---------+---------+-------+---------
         Total |       0 |    4424 |   0.0 |       0 |     167 |   0.0 |  8102
               +---------+---------+-------+---------+---------+-------+---------
           D:1 |       0 |      28 |   0.0 |       0 |      18 |   0.0 |   743
           D:2 |       0 |      77 |   0.0 |       0 |      31 |   0.0 |  1225
           D:3 |       0 |      95 |   0.0 |       0 |      18 |   0.0 |  1046
           D:4 |       0 |     477 |   0.0 |       0 |      29 |   0.0 |  1437
           D:5 |       0 |     308 |   0.0 |       0 |      16 |   0.0 |  1269
           D:6 |       0 |    2134 |   0.0 |       0 |      32 |   0.0 |  1749
           D:7 |       0 |    1305 |   0.0 |       0 |      23 |   0.0 |   534
               +---------+---------+-------+---------+---------+-------+---------
